 Dungeon Crawl Stone Soup version 0.15.0-8-gb109cf8 (webtiles) character file.

14 Kashira the Sneak (level 2, 9/11 HPs)
             Began as a Felid Air Elementalist on Aug 30, 2014.
             Quit the game on Level 1 of the Dungeon.
             The game lasted 00:03:17 (1038 turns).

Kashira the Sneak (Felid Air Elementalist)          Turns: 1038, Time: 00:03:18

HP   9/11        AC  1     Str  4      XL: 2   Next: 31%
MP   5/5         EV 18     Int 16      God:
Gold 85          SH  0     Dex 16      Spells:  1 memorised,  4 levels left
Lives: 0, deaths: 0

rFire  . . .     SeeInvis +     (weapon unavailable)
rCold  . . .     Clarity  .     (armour unavailable)
rNeg   . . .     rCorr    .     (shield unavailable)
rPois  .         rRot     .     (helmet unavailable)
rElec  .         Spirit   .     (cloak unavailable)
SustAb .         Warding  .     (gloves unavailable)
rMut   .         Stasis   .     (boots unavailable)
Gourm  .                        (no amulet)
MR     .....                    (no ring)
                                (no ring)

@: quick, not resistant to hostile enchantments, fairly stealthy
A: paw claws, no armour, no weapons or thrown items, fangs 3, see invisible,
carnivore 3, speed 1, shaggy fur 1, slow metabolism 1, jump 1
a: Jump Attack


You were on level 1 of the Dungeon.
You were not hungry.

You visited 1 branch of the dungeon, and saw 2 of its levels.

You collected 85 gold pieces.

Inventory:

Comestibles
 a - 2 royal jellies
 c - 3 meat rations
 f - a beef jerky
 i - a slice of pizza
Scrolls
 d - a scroll of recharging {unknown}
 e - 4 scrolls of identify {unknown}
 g - 2 scrolls of remove curse {unknown}
 j - a scroll of magic mapping {unknown}
Jewellery
 h - an uncursed ring of teleport control {unknown}
Books
 b - a book of Air

   Spells                             Type                      Level
   *Shock                             Conjuration/Air              1
   Swiftness                          Charms/Air                   2
   Repel Missiles                     Charms/Air                   2
   Flight                             Charms/Air                   3
   Static Discharge                   Conjuration/Air              3
   Lightning Bolt                     Conjuration/Air              5


   Skills:
 + Level 3.0 Dodging
 + Level 3.2 Stealth
 + Level 2.0 Spellcasting
 + Level 1.1 Conjurations
 + Level 3.0 Air Magic


You had 4 spell levels left.
You knew the following spells:

 Your Spells              Type           Power        Failure   Level  Hunger
a - Shock                 Conj/Air       #...         10%         1    #......


Dungeon Overview and Level Annotations

Branches:
Dungeon (2/15)

Altars:


Innate Abilities, Weirdness & Mutations

You cannot wear armour.
You are incapable of wielding weapons or throwing items.
Your paws have sharp claws.
You have razor-sharp teeth.
You have supernaturally acute eyesight.
You are carnivorous and can eat meat at any time.
You cover ground quickly.
You are covered in fur (AC +1).
You have a slow metabolism.
You can jump attack at a short distance.


Message History

The bat hits you. The bat barely misses you. The bat completely misses you.
You closely miss the bat.
The bat is severely wounded.
The bat completely misses you. The bat hits you but does no damage.
The bat closely misses you.
You barely miss the bat.
The bat is severely wounded.
The bat closely misses you. The bat misses you.
You closely miss the bat. Your bite misses the bat.
The bat is heavily wounded.
The bat hits you but does no damage. The bat barely misses you.
You scratch the bat.
You kill the bat!
Your Air Magic skill increases to level 3!
There is a stone staircase leading up here.
You climb upwards.
There is a stone staircase leading down here.
You start resting.
Magic restored.
Are you sure you want to abandon this character and quit the game? (Confirm with "yes".)

####.############
................#
###.###########.#
#.# #.# ###.# #.#
..#.# #.# #.#.#
#.#
....###########.##
....)...........@#
.(#.########.#..##
................#
..##########.##.#
................#
######.#.###.####
####♣♣...# #.#
...#♣....♣ #.#
...#♣....♣ #.#


There were no monsters in sight!

Vanquished Creatures
  An ooze (D:1)
  A hobgoblin (D:1)
  3 jackals (D:1)
  3 bats
  A goblin (D:1)
  3 kobolds
  A rat (D:1)
13 creatures vanquished.

Notes
Turn   | Place    | Note
--------------------------------------------------------------
     0 | D:1      | Kashira, the Felid Air Elementalist, began the quest for the Orb.
     0 | D:1      | Reached XP level 1. HP: 7/7 MP: 4/4
    95 | D:1      | Reached skill level 3 in Stealth
   499 | D:1      | Reached XP level 2. HP: 11/11 MP: 2/5
   579 | D:1      | Reached skill level 1 in Conjurations
  1038 | D:1      | Quit the game

Action                   || total
-------------------------++-------
Melee: Unarmed           ||    16
 Cast: Shock             ||    32
 Abil: Jump Attack       ||     3
